 Dungeon Crawl Stone Soup version 0.31-a0-949-g57150269e1 (webtiles) character file.

Game seed: 12626964620318954330

137 skwerlee the Chopper (level 5, -2/41 HPs)
             Began as a Demonspawn Berserker on Oct 22, 2023.
             Was a Believer of Trog.
             Slain by a river rat (6 damage)
             ... summoned by Eustachio
             ... on level 4 of the Dungeon.
             The game lasted 00:03:37 (1996 turns).

skwerlee the Chopper (Demonspawn Berserker)         Turns: 1996, Time: 00:03:37

Health: -2/41      AC:  2    Str: 19    XL:     5   Next: 0%
Magic:  5/5        EV: 12    Int:  9    God:    Trog [**....]
Gold:   169        SH:  0    Dex: 12    Spells: 4/4 levels left

rFire   . . .        a - +0 hand axe
rCold   . . .        (no shield)
rNeg    . . .        b - +0 animal skin
rPois   .            (no helmet)
rElec   .            (no cloak)
rCorr   .            (no gloves)
SInv    .            (no boots)
Will    .....        (no amulet)
Stlth   +            (no ring)
HPRegen 0.26/turn    (no ring)
MPRegen 0.09/turn

%: no passive effects
@: on berserk cooldown, slowed, very slow
A: powered by death 1, spiny 1
a: Renounce Religion, Berserk, Trog's Hand


You were on level 4 of the Dungeon.
You worshipped Trog.
Trog was pleased with you.
You visited 1 branch of the dungeon, and saw 4 of its levels.

You collected 169 gold pieces.

Inventory:

Hand Weapons
 a - a +0 hand axe (weapon)
Armour
 b - a +0 animal skin (worn)
Scrolls
 c - a scroll of vulnerability
 d - a scroll of silence {unknown}
 i - a scroll of fear {unknown}
 j - a scroll of revelation {unknown}
 k - a scroll of blinking {unknown}
Potions
 f - a potion of mutation
 g - a potion of curing {unknown}
 h - a potion of might


   Skills:
 + Level 3.6 Fighting
 + Level 4.2 Axes
 + Level 1.8 Armour
 + Level 2.8 Dodging
 + Level 0.1 Stealth


You had 4 spell levels left.
You didn't know any spells.
Your spell library was empty.

Dungeon Overview and Level Annotations

Branches:
Dungeon (4/15)
 Temple: D:4-7

Altars:

Annotations:
D:3 Terence
D:4 Eustachio


Innate Abilities, Weirdness & Mutations

You regenerate a little health from kills.
You are partially covered in sharp spines.


Message History

Eustachio hits you with a +0 rapier. Eustachio is struck by your spines.
Eustachio hits you but does no damage.
You hit Eustachio but do no damage.
Eustachio is severely wounded.
Eustachio closely misses you.
You barely miss Eustachio.
Eustachio is heavily wounded.
Eustachio closely misses you.
Eustachio mumbles some strange words.
Eustachio blinks!
Eustachio barely misses you.
Eustachio gestures wildly while chanting.
You barely miss Eustachio.
Eustachio is heavily wounded.
You hit the quokka. You barely miss the river rat.
Eustachio casts a spell.
Eustachio blinks!
The quokka barely misses you. The river rat bites you.
Eustachio says, "Summoning is fun!"
Eustachio casts a spell.
Eustachio blinks!
The quokka bites you. The quokka is struck by your spines.
The quokka closely misses you.
You closely miss the quokka.
The quokka is almost dead.
You hit the river rat. You hit the quokka but do no damage.
The river rat bites you! The quokka closely misses you.
The quokka is struck by your spines.
You kill the quokka!
The quokka's corpse disappears in a puff of smoke!
The river rat bites you.
* * * LOW HITPOINT WARNING * * *
The quokka barely misses you.
You barely miss the quokka.
The quokka is moderately wounded.
You hit the river rat but do no damage. The river rat bites you.
* * * LOW HITPOINT WARNING * * *
The quokka is struck by your spines.
You kill the quokka!
The quokka's corpse disappears in a puff of smoke!
The river rat bites you.
You die...

#....#......#..
#..@.#...<.....
###....#........
#.............####.
#......$...........
+...............#
#........r§.....#
#........@......#
....!..............
######+#...§.......$
#........#+###.....?
###+#'####...#
##....
#........#...# ##..
#........#.....# #
#........####..#
...<......<# .>..


You could see Eustachio and a river rat (summoned).

Vanquished Creatures
  Blork the orc (D:4)
  2 adders (D:4)
  A dart slug (D:2)
  8 endoplasms
  4 giant cockroaches
  10 goblins
  6 hobgoblins
  2 quokkas (D:1)
  4 ball pythons
  6 bats
  A frilled lizard (D:1)
  2 kobolds (D:1)
  A rat (D:2)
48 creatures vanquished.

Notes
Turn   | Place    | Note
-------+----------+-------------------------------------------
     0 | D:1      | skwerlee the Demonspawn Berserker began the quest for the
                  | Orb.
     0 | D:1      | Reached XP level 1. HP: 18/18 MP: 1/1
   415 | D:1      | Reached skill level 3 in Axes
   415 | D:1      | Gained mutation: You regenerate a little health from kills.
                  | [demonic ancestry]
   415 | D:1      | Reached XP level 2. HP: 16/24 MP: 2/2
  1305 | D:2      | Reached XP level 3. HP: 29/29 MP: 3/3
  1359 | D:2      | Found a faded altar of an unknown god.
  1408 | D:2      | Reached ** piety under Trog
  1816 | D:3      | Noticed Terence
  1829 | D:3      | HP: 1/29 [Terence/+0 trident (2)]
  1971 | D:4      | Noticed Blork the orc
  1972 | D:4      | Noticed Eustachio
  1979 | D:4      | Killed Blork the orc
  1980 | D:4      | Reached skill level 4 in Axes
  1980 | D:4      | Reached XP level 4. HP: 36/36 MP: 4/4
  1985 | D:4      | Gained mutation: You are partially covered in sharp spines.
                  | [demonic ancestry]
  1985 | D:4      | Reached XP level 5. HP: 41/41 MP: 5/5
  1996 | D:4      | Slain by a river rat

Illustrated notes

Levels and vault maps discovered:
D:1:      matt_arrival_spirals, layout_basic, serial_co_window_serial,
          co_window_paths_b, co_window_paths_b, co_window_paths_b,
          co_window_paths_a, co_window_paths_a, co_window_corner_b,
          co_window_corner_ca, co_window_2corner, co_window_broadway_b,
          co_window_unsneaky_path_b, co_window_paths_d, glass_columns_a,
          glass_columns_a, glass_columns_c, glass_columns_a, minmay_ruptured
D:2:      cheibrodos_greedy_goblins, layout_rooms, basic_ecumenical_altar,
          chequers_hall_statues_y
D:3:      layout_loops_cross, serial_shops, nicolae_shop_behind_doors,
          uniq_terence
D:4:      layout_basic, serial_shops, nicolae_shop_tiny_waterfront,
          nicolae_ossuary_entry_monument, minmay_cupped, uniq_natasha,
          uniq_eustachio, uniq_blork_the_orc

Skill      XL: |  1  2  3 |
---------------+----------+-----
Axes           | 3 4 |  4.2
Dodging        | 2 |  2.8
Fighting       | |  3.6
Armour         | |  1.8
Stealth        | |  0.1

Action                     |  1- 3 |  4- 6 || total
---------------------------+-------+-------++-------
  Melee: Hand axe          |   138 |    13 ||   151
         Punch             |     2 |       ||     2
 Invoke: Berserk           |     1 |       ||     1
    Use: Scroll            |     3 |       ||     3
 Armour: Animal skin       |    83 |    12 ||    95
  Dodge: Dodged            |    86 |    11 ||    97

Table legend: (Time is in decaauts)
 A = Elapsed time spent in this place.
 B = Non-inter-level travel time spent in this place.
 C = Inter-level travel time spent in this place.
 D = Time resting spent in this place.
 E = Time spent auto-exploring this place.
 F = Levels seen in this place.
 G = Mean time per level.
                   A        B        C        D        E       F      G
               +--------+--------+--------+--------+--------+-----+--------+
         Total |   2014 |   1970 |     44 |    114 |   1511 |   4 |  503.5 |
       Dungeon |   2014 |   1970 |     44 |    114 |   1511 |   4 |  503.5 |
               +--------+--------+--------+--------+--------+-----+--------+

Top non-repeatable levels by time:
     D:1: 1211 daAuts
     D:2: 515 daAuts
     D:4: 167 daAuts
     D:3: 119 daAuts
